 Dungeon Crawl Stone Soup version 0.29.1-13-g9f3cf754e1 (webtiles) character file.

Game seed: 9684925885071650072

107 croobank the Covert (level 4, -1/31 HPs)
             Began as an Octopode Delver on Feb 3, 2023.
             Slain by a phantom (4 damage)
             ... on level 5 of the Dungeon.
             The game lasted 00:03:30 (650 turns).

croobank the Covert (Octopode Delver)                Turns: 650, Time: 00:03:30

Health: -1/31      AC:  1    Str: 11    XL:     4   Next: 86%
Magic:  4/4        EV: 13    Int: 14    God:
Gold:   28         SH:  0    Dex: 13    Spells: 3/3 levels left

rFire   . . .      SeeInvis .   a - +0 hand axe
rCold   . . .      Faith    .   (no shield)
rNeg    . . .      Spirit   .   (helmet restricted)
rPois   .          Reflect  .   (no amulet)
rElec   .          Harm     .   (no ring)
rCorr   .          Rampage  .   (no ring)
Will    .....                   (no ring)
Stlth   +++++.....              (no ring)
HPRegen 0.10/turn               (no ring)
MPRegen 0.09/turn               (no ring)
                                (no ring)
                                (no ring)

@: no status effects
A: almost no armour, amphibious, 8 rings, camouflage 1, gelatinous body 1,
(nimble swimmer 1), tentacles
a: no special abilities


You were on level 5 of the Dungeon.
You visited 1 branch of the dungeon, and saw 3 of its levels.

You collected 28 gold pieces.

Inventory:

Hand Weapons
 a - a +0 hand axe (weapon)
Wands
 f - a wand of digging (3)
 h - a wand of roots (9)
Scrolls
 b - a scroll of fog
 c - a scroll of magic mapping


   Skills:
 - Level 3.0 Fighting
 - Level 2.0 Axes
 - Level 2.0 Dodging
 + Level 9.3 Stealth


You had 3 spell levels left.
You didn't know any spells.
Your spell library was empty.

Dungeon Overview and Level Annotations

Branches:
Dungeon (7/15)
 Temple: D:4-7

Altars:
Gozag


Innate Abilities, Weirdness & Mutations

You cannot wear most types of armour.
You are amphibious.
You can wear up to eight rings at the same time.
Your skin changes colour to match your surroundings (Stealth+).
Your rubbery body absorbs attacks. (AC +1, EV +1)
((You are camouflaged when in or above water. (Stealth+)))
You have tentacles for arms and can constrict up to eight enemies at once.


Message History

* * * LOW HITPOINT WARNING * * *
Okay, then.
Blink to where?
Press: ? - help, Dir - move target
As you read the scroll labelled MEOTAL UREOTO, it crumbles to dust.
It was a scroll of blinking.
A phantom comes into view.
You open the door.
There is an open door here.
You close the door.
A phantom opens the door.
You feel yourself speed up. The jelly misses you.
You are no longer corroded.
The phantom completely misses you.
Your extra speed is starting to run out.
You feel yourself slow down.
You open the door.
There is an open door here.
Aiming: Fastroot
Press: ? - help, Shift-Dir - straight line, f - you The roots erupt in riotous growth!
The phantom is unaffected.
The phantom hits you.
The phantom blinks!
You blink.
Okay, then.
Okay, then.
It was a potion of curing.
You feel better. The phantom hits you.
You closely miss the phantom. The phantom barely misses you.
You hit the phantom. Your squeeze misses the phantom.
The phantom is lightly damaged.
The phantom hits you!
The phantom blinks!
You blink.
You hit the phantom. Your squeeze misses the phantom.
The phantom is lightly damaged.
The phantom hits you.
You hit the phantom but do no damage.
The phantom is lightly damaged.
The phantom hits you.
* * * LOW HITPOINT WARNING * * *
The phantom hits you.
* * * LOW HITPOINT WARNING * * *
The phantom blinks!
You blink.
The phantom attacks as you move away! The phantom hits you.
You die...

.......................
.......................
.......................
.......................
.............J.........
......................
###+#####'####'############
#............#......#
#.......W@...#......#
#............#......#
#............#......#
#...........###.....#
#########...###.....###
#..............#
#..............#
##..............#
#......###.....##


You could see a phantom and a jelly.

Vanquished Creatures
  A kobold brigand (D:7)
  A hound (D:7)
  A shadow imp (D:6)
  3 kobolds (D:7)
6 creatures vanquished.

Notes
Turn   | Place    | Note
-------+----------+-------------------------------------------
     0 | D:5      | croobank the Octopode Delver began the quest for the Orb.
     0 | D:5      | Reached XP level 1. HP: 16/16 MP: 1/1
    13 | D:6      | Reached skill level 7 in Stealth
    13 | D:6      | Reached XP level 2. HP: 21/21 MP: 2/2
   111 | D:5      | Noticed an ogre
   179 | D:7      | Reached skill level 8 in Stealth
   179 | D:7      | Reached XP level 3. HP: 19/26 MP: 3/3
   300 | D:7      | Found an opulent altar of Gozag.
   301 | D:7      | Noticed a kobold brigand
   311 | D:7      | Killed a kobold brigand
   312 | D:7      | Reached skill level 9 in Stealth
   312 | D:7      | Reached XP level 4. HP: 9/31 MP: 4/4
   586 | D:5      | Noticed a phantom
   650 | D:5      | Slain by a phantom

Illustrated notes

Levels and vault maps discovered:
D:5:      layout_gridville, kennysheep_mini, overflow_temple_1_default
D:6:      layout_basic, lightli_temple_of_fire,
          mainiacjoe_overflow_six_doors_small, uniq_duvessa
D:7:      layout_loops_cross, nicolae_gozag_cash_rules_everything_around_me,
          minmay_temple_entry_ruins, nicolae_ossuary_entry_catacombs,
          uniq_prince_ribbit1, uniq_pikel

Skill      XL: |  1  2  3 |
---------------+----------+-----
Stealth        | 7 8 9 |  9.3
Fighting       | |  3.0
Axes           | |  2.0
Dodging        | |  2.0

Action                   |  1- 3 |  4- 6 || total
-------------------------+-------+-------++-------
Melee: Hand axe          |    11 |     6 ||    17
       Constrict         |     2 |       ||     2
       Tentacles         |     3 |       ||     3
Evoke: Wand              |     2 |     2 ||     4
  Use: Scroll            |       |     2 ||     2
       Potion            |       |     2 ||     2
 Stab: Sleeping          |     3 |       ||     3
Dodge: Dodged            |     8 |     4 ||    12
